 Dungeon Crawl Stone Soup version 0.30-a0-719-gcc4359ea44 (webtiles) character file.

Game seed: 2390558158639844021

146 Laraso the Magician (level 5, -6/35 HPs)
             Began as a Djinni Ice Elementalist on Jan 26, 2023.
             Mangled by an orc
             ... wielding a +0 war axe
              (8 damage)
             ... on level 3 of the Dungeon.
             The game lasted 00:03:08 (1982 turns).

Laraso the Magician (Djinni Ice Elementalist)       Turns: 1982, Time: 00:03:09

Health: -6/35      AC:  2    Str:  7    XL:     5   Next: 53%
Gold:   141        EV: 12    Int: 18    God:
                   SH:  0    Dex: 14

rFire   + + .      SeeInvis .    a - +1 hand crossbow
rCold   x . .      Faith    .    (no shield)
rNeg    . . .      Spirit   .    d - +0 robe
rPois   ∞          Reflect  .    (no helmet)
rElec   .          Harm     .    (no cloak)
rCorr   .          Rampage  .    (no gloves)
Will    .....                    (boots unavailable)
Stlth   ++                       (no amulet)
HPRegen 0.25/turn                (no ring)
MPRegen 0.00/turn                (no ring)

@: flying, very slightly contaminated
A: sickness immunity, fire resistance 2, cold vulnerability 1, float, innate
caster, HP casting, extra vitality 1
a: no special abilities


You were on level 3 of the Dungeon.
You visited 1 branch of the dungeon, and saw 3 of its levels.

You collected 141 gold pieces.

Inventory:

Hand Weapons
 a - a +1 hand crossbow (weapon)
Armour
 d - a +0 robe (worn)
Jewellery
 k - a ring of positive energy
Scrolls
 c - 3 scrolls of identify
 f - 2 scrolls of teleportation {unknown}
 g - a scroll of enchant weapon
 i - a scroll of amnesia {unknown}
 l - a scroll of fear {unknown}
 m - a scroll of magic mapping {unknown}
Potions
 b - 2 potions of magic
 e - a potion of cancellation
 h - a potion of curing {unknown}
 j - a potion of brilliance {unknown}


   Skills:
 - Level 3.0 Ranged Weapons
 - Level 2.3 Dodging
 - Level 1.6 Stealth
 * Level 4.0 Spellcasting


You couldn't memorise any spells.
You knew the following spells:

 Your Spells              Type           Power      Damage    Failure   Level
a - Freeze                Ice            72%        1d8       2%          1
b - Frozen Ramparts       Ice            36%        1d6       9%          3
c - Ozocubu's Armour      Ice            18%        N/A       9%          3
d - Summon Ice Beast      Ice/Summ       18%        N/A       28%         4
e - Magic Dart            Conj           72%        1d6       2%          1
f - Lesser Beckoning      Tloc           36%        N/A       4%          2
Your spell library was empty.

Dungeon Overview and Level Annotations

Branches:
Dungeon (3/15)

Altars:
Elyvilon
Okawaru


Innate Abilities, Weirdness & Mutations

You are immune to sickness and miasma.
You are immune to poison.
Your flesh is very heat resistant. (rF++)
You are vulnerable to cold. (rC-)
You float through the air rather than walking.
You learn spells naturally, not from books.
Your magical power is your life essence.
You have superior vitality. (+4 MHP)


Message History

You shoot a bolt. The bolt completely misses the orc.
The orc barely misses you.
Casting: Freeze (safe; 2% risk of failure)
Confirm with . or Enter, or press ? or * to list all spells.
Aiming: Freeze (safe; 2% risk of failure)
Press: ? - help, Shift-Dir - straight line, f/p - orc
Aim: an orc, wielding a +0 war axe You freeze the orc.
The orc is moderately wounded.
The orc hits you with a +0 war axe.
Casting: Freeze (safe; 2% risk of failure)
Confirm with . or Enter, or press ? or * to list all spells.
Aiming: Freeze (safe; 2% risk of failure)
Press: ? - help, Shift-Dir - straight line, f/p - orc
Aim: an orc, wielding a +0 war axe (moderately wounded)
You freeze the orc.
The orc is heavily wounded.
The orc hits you with a +0 war axe!
Casting: Freeze (safe; 2% risk of failure)
Confirm with . or Enter, or press ? or * to list all spells.
Aiming: Freeze (safe; 2% risk of failure)
Press: ? - help, Shift-Dir - straight line, f/p - orc
Aim: an orc, wielding a +0 war axe (heavily wounded)
You freeze the orc.
The orc is heavily wounded.
The orc hits you with a +0 war axe.
Casting: Freeze (safe; 2% risk of failure)
Confirm with . or Enter, or press ? or * to list all spells.
You miscast Ozocubu's Armour.
You are very lightly contaminated with residual magic.
Nothing appears to happen.
The orc hits you with a +0 war axe.
* * * LOW HITPOINT WARNING * * *
Casting: Ozocubu's Armour (dangerous; 9% risk of failure)
Confirm with . or Enter, or press ? or * to list all spells.
Casting: Frozen Ramparts (dangerous; 9% risk of failure)
Press: ? - help, Dir - look around, f - activate You miscast Frozen Ramparts.
Frost covers your body.
You feel a terrible chill!
* * * LOW HITPOINT WARNING * * *
x2 The orc hits you with a +0 war axe!
You die...

.........#
##.........
.#######.#
#.........# .# #.#
##........# ## #.#
#..#####.#
########.# #..#
#.# .........#
#..# #.#
##################
#..#####.# #
.....go.#
#........#
########. #@#
#.#####†.#
......... #.#
#.#####..#
#.######. #.#
#........# #.#
#.####.#####
#.#####... #.#
#..[.......# #.#
###. #.##
#.####.###÷# #.#
#. #.)# .#.####.#
#.# #.# #. #.#.#
........###.###.#
#. .###..
##..............#
#.


You could see an orc and a hobgoblin.

Vanquished Creatures
  3 gnolls (D:2)
  3 adders
  A worm (D:3)
  4 dart slugs
  An orc (D:3)
  8 ball pythons
  6 bats
  4 endoplasms
  3 giant cockroaches
  8 goblins
  5 hobgoblins
  4 jackals (D:1)
  8 kobolds
  4 quokkas
  4 frilled lizards
  6 rats
72 creatures vanquished.

Notes
Turn   | Place    | Note
-------+----------+-------------------------------------------
     0 | D:1      | Laraso the Djinni Ice Elementalist began the quest for the
                  | Orb.
     0 | D:1      | Laraso set off with the following spells memorised: Freeze,
                  | Frozen Ramparts, Ozocubu's Armour, Summon Ice Beast.
     0 | D:1      | Reached XP level 1. HP: 15/15 MP: 0/0
   118 | D:1      | Reached XP level 2. HP: 21/21 MP: 0/0
   389 | D:1      | Reached XP level 3. HP: 22/25 MP: 0/0
   389 | D:1      | Learned a level 1 spell: Magic Dart
   557 | D:1      | Reached skill level 4 in Spellcasting
   902 | D:2      | Reached skill level 1 in Ranged Weapons
   998 | D:2      | Reached XP level 4. HP: 31/31 MP: 0/0
  1355 | D:3      | Reached XP level 5. HP: 35/35 MP: 0/0
  1355 | D:3      | Learned a level 2 spell: Lesser Beckoning
  1507 | D:3      | Found an iron altar of Okawaru.
  1845 | D:3      | Found a white marble altar of Elyvilon.
  1982 | D:3      | HP: 1/35 [something (4)]
  1982 | D:3      | Mangled by an orc

Illustrated notes

Levels and vault maps discovered:
D:1:      dpeg_arrival_solitude, layout_loops_ring, minmay_liquid_box
D:2:      layout_basic
D:3:      layout_loops_ring, nicolae_overflow_hidden_temple,
          nicolae_elyvilon_peaceful_grove, st_stairs_5

Skill      XL: |  1  2  3  4  5 |
---------------+----------------+-----
Spellcasting   | 4 |  4.0
Ranged Weapons | 1 2 3 |  3.0
Dodging        | |  2.3
Stealth        | |  1.6

Action                     |  1- 3 |  4- 6 || total
---------------------------+-------+-------++-------
   Fire: Hand crossbow     |    57 |    61 ||   118
   Cast: Freeze            |    13 |    10 ||    23
         Frozen Ramparts   |     2 |     2 ||     4
         Ozocubu's Armour  |       |     2 ||     2
    Use: Scroll            |     2 |       ||     2
 Armour: Robe              |     5 |     8 ||    13
  Dodge: Dodged            |    26 |    15 ||    41

Table legend: (Time is in decaauts)
 A = Elapsed time spent in this place.
 B = Non-inter-level travel time spent in this place.
 C = Inter-level travel time spent in this place.
 D = Time resting spent in this place.
 E = Time spent auto-exploring this place.
 F = Levels seen in this place.
 G = Mean time per level.
                   A        B        C        D        E       F      G
               +--------+--------+--------+--------+--------+-----+--------+
         Total |   2079 |   2038 |     41 |    186 |   1482 |   3 |  693.0 |
       Dungeon |   2079 |   2038 |     41 |    186 |   1482 |   3 |  693.0 |
               +--------+--------+--------+--------+--------+-----+--------+

Top non-repeatable levels by time:
     D:1: 875 daAuts
     D:3: 662 daAuts
     D:2: 541 daAuts
